2699 views
Uploaded 2021-04-13 23:03:11
Game version 1.32.10
13:28 long 2on2 ladder game on (4)TidewaterGlades_LV
Saved by GwaiLo
2699 views
Uploaded 2021-04-13 23:03:11
Game version 1.32.10
13:28 long 2on2 ladder game on (4)TidewaterGlades_LV


47 units @ 7.8k
/ 1.1k
29 buildings @ 3.7k
/ 1.4k


| Boots of Speed | 1 | 250 |
| total: | 1 | 250g |
| Peasant | 8 | 600 | / | 0 |
| Footman | 5 | 675 | / | 0 |
| Priest | 6 | 810 | / | 60 |
| Spell Breaker | 3 | 645 | / | 90 |
| Knight | 4 | 980 | / | 240 |
| total: | 26 | 3710g | / | 390w |
| Scout Tower | 1 | 30 | / | 20 |
| Arcane Tower | 1 | 70 | / | 50 |
| Farm | 9 | 720 | / | 180 |
| Altar of Kings | 1 | 180 | / | 50 |
| Barracks | 1 | 160 | / | 60 |
| Arcane Vault | 1 | 130 | / | 30 |
| Lumber Mill | 1 | 120 | / | 0 |
| Blacksmith | 1 | 140 | / | 60 |
| Arcane Sanctum | 2 | 300 | / | 280 |
| Keep | 1 | 320 | / | 210 |
| Castle | 1 | 360 | / | 210 |
| total: | 17 | 1780g | / | 680w |
| 0:01 | Peasant |
| 0:01 | Peasant |
| 0:07 | Farm |
| 0:09 | Altar of Kings |
| 0:18 | Barracks |
| 0:31 | Peasant |
| 0:41 | Peasant |
| 0:48 | Farm |
| 1:03 | Peasant |
| 1:19 | Footman |
| 1:21 | Peasant |
| 1:27 | Farm |
| 1:37 | Peasant |
| 1:43 | Footman |
| 1:51 | Scout Tower |
| 1:59 | Peasant |
| 2:25 | Summon Water Elemental |
| 2:27 | Footman |
| 2:41 | Keep |
| 2:46 | Arcane Tower |
| 3:03 | Footman |
| 3:24 | Footman |
| 3:42 | Farm |
| 3:44 | Arcane Vault |
| 3:48 | Brilliance Aura |
| 3:58 | Defend |
| 4:01 | Farm |
| 5:22 | Arcane Sanctum |
| 5:25 | Arcane Sanctum |
| 6:17 | Storm Bolt |
| 7:00 | Priest |
| 7:15 | Spell Breaker |
| 7:16 | Farm |
| 7:19 | Lumber Mill |
| 7:30 | Summon Water Elemental |
| 7:45 | Castle |
| 8:15 | Priest Adept Training |
| 8:15 | Priest |
| 8:42 | Spell Breaker |
| 8:45 | Blacksmith |
| 8:49 | Farm |
| 8:58 | Thunder Clap |
| 9:02 | Boots of Speed |
| 9:19 | Priest |
| 10:13 | Knight |
| 10:13 | Knight |
| 10:42 | Farm |
| 10:45 | Farm |
| 11:30 | Knight |
| 11:35 | Priest |
| 11:35 | Priest |
| 11:44 | Storm Bolt |
| 11:51 | Priest |
| 13:16 | Knight |
| 13:18 | Spell Breaker |
| Right click | 892 |
| Select group | 395 |
| Select | 209 |
| Misc. action | 72 |
| Build/train/purchase | 70 |
| Assign group | 49 |
| Use ability | 13 |
| Chat | 11 |
| Minimap ping | 5 |
| Item give/drop | 2 |



| Rod of Necromancy | 2 | 300 |
| Ritual Dagger | 1 | 125 |
| Scroll of Town Portal | 1 | 350 |
| Potion of Lesser Invulnerability | 1 | 150 |
| Boots of Speed | 1 | 250 |
| total: | 6 | 1175g |
| Acolyte | 2 | 150 | / | 0 |
| Ghoul | 3 | 360 | / | 0 |
| Crypt Fiend | 13 | 2795 | / | 520 |
| Obsidian Statue | 2 | 400 | / | 70 |
| Frost Wyrm | 1 | 385 | / | 120 |
| total: | 21 | 4090g | / | 710w |
| Altar of Darkness | 1 | 180 | / | 50 |
| Crypt | 1 | 200 | / | 50 |
| Ziggurat | 6 | 900 | / | 300 |
| Graveyard | 1 | 215 | / | 0 |
| Tomb of Relics | 1 | 130 | / | 30 |
| Slaughterhouse | 1 | 140 | / | 135 |
| Boneyard | 1 | 175 | / | 200 |
| Halls of the Dead | 1 | 320 | / | 210 |
| Black Citadel | 1 | 325 | / | 230 |
| total: | 12 | 1940g | / | 765w |
| 0:03 | Acolyte |
| 0:03 | Acolyte |
| 0:06 | Altar of Darkness |
| 0:10 | Crypt |
| 0:32 | Ziggurat |
| 0:58 | Graveyard |
| 1:15 | Tomb of Relics |
| 1:23 | Ghoul |
| 1:38 | Ziggurat |
| 1:50 | Ghoul |
| 2:05 | Ghoul |
| 2:21 | Death Coil |
| 2:30 | Crypt Fiend |
| 2:44 | Rod of Necromancy |
| 3:00 | Crypt Fiend |
| 3:00 | Crypt Fiend |
| 3:00 | Crypt Fiend |
| 3:00 | Crypt Fiend |
| 3:00 | Crypt Fiend |
| 3:00 | Crypt Fiend |
| 3:46 | Crypt Fiend |
| 3:49 | Halls of the Dead |
| 3:54 | Crypt Fiend |
| 4:11 | Ziggurat |
| 4:36 | Unholy Aura |
| 4:57 | Crypt Fiend |
| 5:11 | Crypt Fiend |
| 5:16 | Ziggurat |
| 6:42 | Silence |
| 6:56 | Rod of Necromancy |
| 6:56 | Ritual Dagger |
| 7:19 | Black Citadel |
| 8:26 | Slaughterhouse |
| 8:45 | Potion of Lesser Invulnerability |
| 8:45 | Scroll of Town Portal |
| 9:07 | Boots of Speed |
| 9:21 | Creature Attack |
| 9:26 | Burrow |
| 9:37 | Web |
| 10:21 | Death Coil |
| 10:31 | Crypt Fiend |
| 11:06 | Obsidian Statue |
| 11:07 | Obsidian Statue |
| 11:08 | Crypt Fiend |
| 11:12 | Black Arrow |
| 11:32 | Frost Nova |
| 11:50 | Boneyard |
| 12:30 | Silence |
| 12:40 | Ziggurat |
| 12:41 | Ziggurat |
| 12:56 | Improved Creature Attack |
| 12:56 | Creature Carapace |
| 12:59 | Unholy Aura |
| 13:18 | Frost Wyrm |
| Right click | 545 |
| Select group | 313 |
| Select | 130 |
| Chat | 77 |
| Build/train/purchase | 74 |
| Assign group | 24 |
| Use ability | 22 |
| Misc. action | 7 |
| Item give/drop | 1 |
| Remove unit | 1 |
| Minimap ping | 1 |
42 units @ 6.6k
/ 0.9k
25 buildings @ 4k
/ 1.2k


| Rod of Necromancy | 1 | 150 |
| total: | 1 | 150g |
| Acolyte | 6 | 450 | / | 0 |
| Ghoul | 3 | 360 | / | 0 |
| Crypt Fiend | 7 | 1505 | / | 280 |
| Obsidian Statue | 2 | 400 | / | 70 |
| Abomination | 4 | 960 | / | 280 |
| Dark Troll Shadow Priest | 1 | 195 | / | 10 |
| Dark Troll Berserker | 1 | 255 | / | 30 |
| total: | 24 | 4125g | / | 670w |
| Nerubian Tower | 1 | 100 | / | 20 |
| Ziggurat | 5 | 750 | / | 250 |
| Altar of Darkness | 1 | 180 | / | 50 |
| Crypt | 2 | 400 | / | 100 |
| Graveyard | 1 | 215 | / | 0 |
| Tomb of Relics | 1 | 130 | / | 30 |
| Necropolis | 1 | 225 | / | 0 |
| Slaughterhouse | 1 | 140 | / | 135 |
| Halls of the Dead | 1 | 320 | / | 210 |
| Black Citadel | 1 | 325 | / | 230 |
| total: | 12 | 2040g | / | 565w |
| 0:03 | Acolyte |
| 0:03 | Acolyte |
| 0:09 | Ziggurat |
| 0:13 | Altar of Darkness |
| 0:40 | Crypt |
| 0:59 | Graveyard |
| 1:12 | Tomb of Relics |
| 1:30 | Ziggurat |
| 1:44 | Ghoul |
| 2:01 | Ghoul |
| 2:11 | Acolyte |
| 2:13 | Carrion Beetles |
| 2:32 | Crypt |
| 2:40 | Crypt Fiend |
| 3:06 | Crypt Fiend |
| 3:17 | Rod of Necromancy |
| 3:52 | Halls of the Dead |
| 4:12 | Dark Troll Shadow Priest |
| 4:27 | Impale |
| 4:41 | Dark Troll Berserker |
| 5:12 | Ziggurat |
| 5:16 | Nerubian Tower |
| 5:24 | Ziggurat |
| 6:26 | Black Arrow |
| 6:44 | Black Citadel |
| 6:51 | Slaughterhouse |
| 7:08 | Ghoul |
| 7:51 | Creature Carapace |
| 8:00 | Obsidian Statue |
| 8:19 | Silence |
| 8:22 | Necropolis |
| 8:38 | Obsidian Statue |
| 9:04 | Crypt Fiend |
| 9:26 | Crypt Fiend |
| 10:10 | Crypt Fiend |
| 10:45 | Abomination |
| 11:07 | Abomination |
| 11:11 | Carrion Beetles |
| 11:24 | Acolyte |
| 11:25 | Acolyte |
| 11:26 | Ziggurat |
| 12:01 | Crypt Fiend |
| 12:23 | Abomination |
| 12:37 | Acolyte |
| 12:57 | Abomination |
| 13:12 | Crypt Fiend |
| Select group | 225 |
| Select | 204 |
| Right click | 158 |
| Misc. action | 74 |
| Build/train/purchase | 45 |
| Assign group | 38 |
| Use ability | 9 |


| Rod of Necromancy | 3 | 450 |
| Sacrificial Skull | 1 | 50 |
| Potion of Healing | 3 | 450 |
| Potion of Mana | 1 | 200 |
| Boots of Speed | 2 | 500 |
| total: | 10 | 1650g |
| Acolyte | 5 | 375 | / | 0 |
| Ghoul | 7 | 840 | / | 0 |
| Crypt Fiend | 6 | 1290 | / | 240 |
| total: | 18 | 2505g | / | 240w |
| Nerubian Tower | 2 | 200 | / | 40 |
| Spirit Tower | 3 | 435 | / | 120 |
| Crypt | 1 | 200 | / | 50 |
| Ziggurat | 7 | 1050 | / | 350 |
| Altar of Darkness | 1 | 180 | / | 50 |
| Tomb of Relics | 2 | 260 | / | 60 |
| Graveyard | 1 | 215 | / | 0 |
| Sacrificial Pit | 1 | 75 | / | 150 |
| Halls of the Dead | 1 | 320 | / | 210 |
| total: | 13 | 1980g | / | 660w |
| 0:04 | Acolyte |
| 0:10 | Crypt |
| 0:13 | Ziggurat |
| 0:26 | Altar of Darkness |
| 0:42 | Acolyte |
| 1:12 | Ghoul |
| 1:16 | Tomb of Relics |
| 1:31 | Ghoul |
| 1:57 | Graveyard |
| 2:13 | Nerubian Tower |
| 2:24 | Acolyte |
| 2:32 | Carrion Swarm |
| 2:34 | Rod of Necromancy |
| 2:53 | Ghoul |
| 3:10 | Ziggurat |
| 3:37 | Ziggurat |
| 3:41 | Halls of the Dead |
| 4:20 | Sleep |
| 4:24 | Crypt Fiend |
| 4:25 | Spirit Tower |
| 4:56 | Crypt Fiend |
| 4:56 | Crypt Fiend |
| 5:07 | Ziggurat |
| 5:45 | Rod of Necromancy |
| 5:45 | Sacrificial Skull |
| 5:57 | Crypt Fiend |
| 7:08 | Ziggurat |
| 7:10 | Acolyte |
| 7:16 | Sacrificial Pit |
| 7:34 | Acolyte |
| 7:46 | Ziggurat |
| 7:49 | Ziggurat |
| 7:55 | Impale |
| 7:56 | Potion of Healing |
| 8:19 | Carrion Swarm |
| 8:23 | Boots of Speed |
| 8:39 | Boots of Speed |
| 8:44 | Nerubian Tower |
| 8:56 | Spirit Tower |
| 9:19 | Spirit Tower |
| 9:48 | Crypt Fiend |
| 9:51 | Tomb of Relics |
| 11:00 | Ghoul |
| 11:00 | Ghoul |
| 11:36 | Crypt Fiend |
| 12:05 | Ghoul |
| 12:05 | Ghoul |
| 12:12 | Carrion Beetles |
| 12:26 | Potion of Mana |
| 12:26 | Rod of Necromancy |
| 13:00 | Potion of Healing |
| 13:06 | Potion of Healing |
| Right click | 315 |
| Select | 194 |
| Select group | 168 |
| Misc. action | 60 |
| Build/train/purchase | 55 |
| Assign group | 30 |
| Use ability | 20 |
| Minimap ping | 2 |
| Item give/drop | 1 |
โ